 Dungeon Crawl Stone Soup version 0.24.1-14-gf8d2b509d9 (webtiles) character file.

Game seed: 8005306924762569888, levelgen mode: deterministic

1888 Gwenloh the Charlatan (level 8, -10/66 HPs)
             Began as a Demigod Artificer on May 20, 2020.
             Mangled by a hornet (12 damage)
             ... on level 8 of the Dungeon on May 21, 2020.
             The game lasted 00:38:30 (8261 turns).

Gwenloh the Charlatan (Demigod Artificer)           Turns: 8261, Time: 00:38:31

Health: -10/66     AC: 14    Str: 15    XL:     8   Next: 61%
Magic:  16/16      EV: 14    Int: 17    God:
Gold:   366        SH:  8    Dex: 18    Spells: 7/7 levels left

rFire    . . .     SeeInvis .   a - +3 dagger (protect)
rCold    . . .     Gourm    .   y - +0 buckler
rNeg     + . .     Faith    .   B - +0 leather armour {rPois}
rPois    +         Spirit   .   R - +0 helmet
rElec    .         Reflect  +   (no cloak)
rCorr    +         Harm     .   O - +0 pair of gloves
MR       .....                  g - +0 pair of boots
Stlth    +++.......             m - +3 amulet of reflection
HPRegen  0.21/turn              N - ring of positive energy
MPRegen  0.15/turn              H - ring of resist corrosion

@: protection aura
A: high mp 1
a: no special abilities


You were on level 8 of the Dungeon.
You were hungry.

You visited 1 branch of the dungeon, and saw 8 of its levels.

You collected 366 gold pieces.

Inventory:

Hand Weapons
 a - a +3 dagger of protection (weapon)
 b - a +0 hunting sling
 x - a +0 rapier
Missiles
 i - 281 stones
 j - 10 poisoned darts (quivered)
 l - 89 arrows
 n - 79 bolts
 v - 65 sling bullets
 T - 6 boomerangs
 U - 2 silver boomerangs
Armour
 g - a +0 pair of boots (worn)
 w - a +0 chain mail of fire resistance
 y - a +0 buckler (worn)
 B - a +0 leather armour of poison resistance (worn)
 C - a +0 cloak
 L - a +0 shield
 O - a +0 pair of gloves (worn)
 R - a +0 helmet (worn)
Magical Staves
 D - an uncursed staff of cold
Jewellery
 m - a +3 amulet of reflection (around neck)
 A - an uncursed ring of protection from fire
 H - a ring of resist corrosion (right hand)
 N - a ring of positive energy (left hand)
Wands
 c - a wand of flame (8)
 d - a wand of enslavement (3)
 e - a wand of random effects (15)
Scrolls
 h - 2 scrolls of enchant weapon
 k - 4 scrolls of teleportation
 r - a scroll of noise
 u - a scroll of random uselessness
 G - 5 scrolls of remove curse
 K - 2 scrolls of enchant armour
 Q - a scroll of fear
 S - a scroll of magic mapping
Potions
 o - a potion of degeneration
 q - a potion of haste
 s - a potion of flight {unknown}
 t - a potion of agility {unknown}
 z - a potion of heal wounds {unknown}
 E - a potion of mutation {unknown}
 F - a potion of ambrosia {unknown}
 J - a potion of lignification {unknown}
 M - a potion of curing
Comestibles
 f - 17 rations
 p - 2 chunks of flesh


   Skills:
 + Level 3.9 Fighting
 - Level 1.3 Short Blades
 + Level 3.8 Armour
 + Level 4.2 Dodging
 + Level 4.4 Stealth
 + Level 3.4 Shields
 * Level 6.3 Evocations


You had 7 spell levels left.
You didn't know any spells.
Your spell library contained the following spells:

 Spells                   Type           Power        Failure   Level  Hunger
 Freeze                   Ice            #...         30%         1    ##.....
 Throw Frost              Conj/Ice       #.....       43%         2    ###....
 Ozocubu's Armour         Chrm/Ice       #.......     67%         3    ####...
 Summon Ice Beast         Ice/Summ       #.......     97%         4    #####..
 Throw Icicle             Conj/Ice       #.......     97%         4    #####..


Dungeon Overview and Level Annotations

Branches:
Dungeon (8/15)             Temple (0/1) D:7
   Lair: D:8-11

Annotations:
D:7 Harold


Innate Abilities, Weirdness & Mutations

You have an increased reservoir of magic. (+10% MP)


Message History

You are too injured to fight recklessly!
A hornet is nearby!
A hornet is nearby!
A hornet is nearby!
A hornet is nearby!
You hit the hornet.
Your weapon exudes an aura of protection.
The hornet is moderately wounded.
The hornet stings you but does no damage.
You hit the hornet.
The hornet is moderately wounded.
You are feeling hungry.
The hornet stings you!
* * * LOW HITPOINT WARNING * * *
You hit the hornet but do no damage.
The hornet is moderately wounded.
The hornet stings you!
* * * LOW HITPOINT WARNING * * *
The hornet stings you!
You die...

######## #.......
#....... #.......
#....... ############
####.......
#......(...#
##..........
#.......y..#
##...........
#........@.#
#............
#..........#
#.......#####
#..........###.......#
#...................##
#..........###.......#
#..........###.........
##########.............
####.#>......
#.##......


You could see a hornet.

Vanquished Creatures
  Menkaure (D:7)
  A water moccasin (D:5)
  An ice beast (D:5)
  An orc warrior (D:6)
  A black bear (D:4)
  2 phantoms
  2 ogres
  2 scorpions
  A howler monkey (D:6)
  2 crimson imps (D:5)
  A bullfrog zombie (D:7)
  A centaur skeleton (D:6)
  4 hounds
  3 orc priests
  A bullfrog skeleton (D:5)
  6 orc wizards
  2 iguanas
  Ijyb (D:5)
  2 worker ants
  A worker ant zombie (D:7)
  2 adders
  6 gnolls
  3 oozes
  An adder zombie (D:7)
  2 adder skeletons
  2 worms
  3 dart slugs
  7 leopard geckos
  13 orcs
  4 giant cockroaches
  8 goblins
  6 hobgoblins
  7 jackals
  A quokka (D:6)
  2 ball pythons
  12 bats
  4 frilled lizards
  A jackal skeleton (D:6)
  4 kobolds
  A leopard gecko zombie (D:5)
  A quokka skeleton (D:6)
  5 rats
131 creatures vanquished.

Vanquished Creatures (collateral kills)
  3 gnolls (D:2)
  3 orcs (D:3)
  A giant cockroach (D:3)
7 creatures vanquished.

Vanquished Creatures (others)
  An ice beast (D:7)
  A centaur (D:7)
  A bullfrog (D:5)
  An orc wizard (D:6)
  An adder (D:2)
5 creatures vanquished.

Grand Total: 143 creatures vanquished

Notes
Turn   | Place    | Note
-------+----------+-------------------------------------------
     0 | D:1      | Gwenloh the Demigod Artificer began the quest for the Orb.
     0 | D:1      | Reached XP level 1. HP: 15/15 MP: 5/5
   107 | D:1      | Reached skill level 1 in Short Blades
   126 | D:1      | Reached skill level 1 in Stealth
   133 | D:1      | Reached skill level 1 in Fighting
   431 | D:1      | Reached XP level 2. HP: 23/23 MP: 6/6
   613 | D:1      | Reached skill level 3 in Evocations
  1136 | D:2      | Reached XP level 3. HP: 28/28 MP: 7/7
  1459 | D:2      | Found a glowing silver altar of Zin.
  1682 | D:2      | Reached skill level 1 in Armour
  1682 | D:2      | Reached XP level 4. HP: 29/35 MP: 9/9
  1955 | D:2      | Found an iron altar of Okawaru.
  2626 | D:3      | Found a bloodstained altar of Trog.
  2750 | D:3      | Found a sparkling altar of Nemelex Xobeh.
  3200 | D:3      | Reached XP level 5. HP: 35/41 MP: 10/10
  3285 | D:4      | Reached skill level 1 in Shields
  3500 | D:4      | Found a hide-covered altar of Uskayaw.
  3512 | D:4      | Noticed a black bear
  3526 | D:4      | Killed a black bear
  3526 | D:4      | Reached skill level 4 in Evocations
  3769 | D:4      | Noticed a phantom
  3828 | D:4      | Killed a phantom
  3828 | D:4      | Reached XP level 6. HP: 45/48 MP: 10/12
  3960 | D:5      | Entered Level 5 of the Dungeon
  3989 | D:5      | Noticed Ijyb
  3992 | D:5      | Paralysed by Ijyb for 2 turns
  4006 | D:5      | Paralysed by Ijyb for 4 turns
  4012 | D:5      | Killed Ijyb
  4157 | D:5      | Noticed a water moccasin
  4507 | D:5      | Reached XP level 7. HP: 53/56 MP: 13/13
  5123 | D:5      | Found a burning altar of Makhleb.
  5185 | D:5      | Reached skill level 5 in Evocations
  6173 | D:6      | Reached XP level 8. HP: 63/63 MP: 15/15
  7258 | D:7      | Reached skill level 6 in Evocations
  7269 | D:7      | Noticed Harold
  7642 | D:7      | Found a staircase to the Ecumenical Temple.
  7732 | D:7      | Noticed a hornet
  8116 | D:7      | Noticed Menkaure
  8124 | D:7      | Killed Menkaure
  8232 | D:8      | Paralysed by a hornet for 1 turns
  8261 | D:8      | HP: 2/66 [hornet (7)]
  8261 | D:8      | Mangled by a hornet

Levels and vault maps discovered:
D:1:      psy_arrival_radial01, layout_rooms
D:2:      minmay_wonky_spiral, layout_loops_ring, zin_statuary,
          overflow_temple_1_default, serial_glass, glass_columns_c,
          glass_columns_b, item_on_display_a, item_on_display_a,
          feat_on_display, minmay_strange_pillars
D:3:      layout_loops_cross, lemuel_coloured_pillars_altar,
          nemelex_xobeh_ov_fountains_minmay
D:4:      layout_rooms, eat_drink_and_be_merry_uskayaw, first_ration
D:5:      layout_loops_ring, makhleb_blood_cavern_becter, grunt_tough_drop,
          uniq_ijyb
D:6:      layout_loops_ring
D:7:      cheibrodos_fzero, layout_basic, minmay_temple_entry_offerings,
          serial_shops, nicolae_shop_crystal, gammafunk_ghost_berserking_beasts,
          uniq_menkaure, uniq_harold
D:8:      minmay_goldmine, layout_rooms, lemuel_doored_altar, serial_shops,
          shop_statue

Skill      XL: |  1  2  3  4  5  6  7  8 |
---------------+-------------------------+-----
Short Blades   | 1 |  1.3
Stealth        | 1 2 3 4 |  4.4
Fighting       | 1 2 3 |  3.9
Evocations     | 3 4 5 6 |  6.3
Dodging        | 2 3 4 |  4.2
Armour         | 1 2 3 |  3.8
Shields        | 1 2 3 |  3.4

Action                   |  1- 3 |  4- 6 |  7- 9 || total
-------------------------+-------+-------+-------++-------
Melee: Short sword       |    83 |       |       ||    83
       Rapier            |     3 |       |       ||     3
       Dagger            |       |   181 |   397 ||   578
 Fire: Hunting sling     |    32 |   113 |   177 ||   322
Throw: Stone             |    23 |     9 |    11 ||    43
       Dart              |       |     1 |    31 ||    32
       Boomerang         |       |       |    13 ||    13
Evoke: Wand              |     2 |     8 |    16 ||    26
  Use: Scroll            |       |     4 |    10 ||    14
       Potion            |       |       |     1 ||     1
 Stab: Sleeping          |     1 |     1 |     1 ||     3
       Paralysed         |       |       |     5 ||     5
  Eat: Chunk             |     2 |     6 |    12 ||    20
       Ration            |       |     1 |       ||     1
Armor: Leather armour    |    34 |    34 |   112 ||   180
       Ring mail         |       |    38 |       ||    38
Dodge: Dodged            |    72 |    97 |   250 ||   419
Block: Buckler           |     3 |    22 |   100 ||   125
       Reflection        |       |       |     1 ||     1
